 Dungeon Crawl Stone Soup version 0.25-a0-707-g603da076d2 (webtiles) character file.

Game seed: 6637559864799789697, levelgen mode: deterministic

98 kae the Ruffian (level 4, -3/35 HPs)
             Began as a Draconian Transmuter on Apr 4, 2020.
             Slain by a wight
             ... wielding a cursed +3 mace
              (6 damage)
             ... on level 1 of the Dungeon.
             The game lasted 00:02:11 (1921 turns).

kae the Ruffian (Draconian Transmuter)              Turns: 1921, Time: 00:02:12

Health: -3/35      AC:  5    Str: 14    XL:     4   Next: 43%
Magic:  1/8        EV: 11    Int: 13    God:
Gold:   78         SH:  0    Dex: 11    Spells: 2/8 levels left

rFire    . . .     SeeInvis .     - Unarmed
rCold    . . .     Gourm    .   (no shield)
rNeg     . . .     Faith    .   (armour unavailable)
rPois    .         Spirit   .   (helmet restricted)
rElec    .         Reflect  .   (no cloak)
rCorr    .         Harm     .   (no gloves)
MR       .....                  (no boots)
Stlth    +.........             (no amulet)
HPRegen  0.11/turn              (no ring)
MPRegen  0.11/turn              (no ring)

@: very slightly contaminated, drained
A: unfitting armour, cold-blooded, AC +5
a: no special abilities


You were on level 1 of the Dungeon.
You were not hungry.

You visited 1 branch of the dungeon, and saw 2 of its levels.

You collected 78 gold pieces.

Inventory:

Missiles
 a - 10 arrows
Wands
 b - a wand of iceblast (9)
Potions
 f - a potion of curing
 h - a potion of stabbing
Comestibles
 c - a ration


   Skills:
 - Level 1.1(0.2) Fighting
 - Level 1.7(0.9) Dodging
 * Level 4.3(3.3) Unarmed Combat
 + Level 2.7(1.8) Spellcasting
 + Level 2.8(2.0) Transmutations


You had 2 spell levels left.
You knew the following spells:

 Your Spells              Type           Power        Failure   Level  Hunger
a - Beastly Appendage     Tmut           #.....       12%         1    ##.....
b - Sticks to Snakes      Tmut           #.......     17%         2    ###....
c - Spider Form           Tmut/Pois      #.........   45%         3    ####...

Your spell library contained the following spells:

 Spells                   Type           Power        Failure   Level  Hunger
 Ice Form                 Ice/Tmut       #.......     86%         4    #####..
 Blade Hands              Tmut           #.........   97%         5    ######.


Dungeon Overview and Level Annotations

Branches:
Dungeon (2/15)

Altars:
Nemelex Xobeh


Innate Abilities, Weirdness & Mutations

Your plain brown scales are hard. (AC +5)
You cannot fit into any form of body armour.
You are cold-blooded and may be slowed by cold attacks.


Message History

You barely miss the wight.
The wight is moderately damaged.
The wight barely misses you.
You hit the wight.
The wight is heavily damaged.
You hit the wight.
The wight is severely damaged.
The wight closely misses you.
You barely miss the wight.
The wight is severely damaged.
Your transformation has ended.
The wight hits you with a cursed +3 mace.
* * * LOW HITPOINT WARNING * * *
You hit the wight but do no damage.
The wight is heavily damaged.
The wight barely misses you.
You barely miss the wight.
The wight is heavily damaged.
The wight hits you with a cursed +3 mace.
You die...

..##..........###.....#...#######
..##..........# #.#####.#.....).#
..##.......##.###.# #.#.#####.#
..###......##...#.# #.#.# #.# ..#
#....#.####.#.# #.#.# #.#
#.###.####.#..#...### #.#.# #.#
..#.........^.......# #.#.# #.#
###.##.........z....# #.#.#####.#
#.#.####......@...# #.........#
###.#...............# ###.#######
..#.#.####..........# #.# #.#.#.#
#..........# #.# #.#.#.#
#..........#####.#
#.#.#.####.#'#########>...#
#.#........#.##....# #.####
#.#.#......#.##.##.# #.#
..#.....##.#.##.##.###.#


You could see a wight.

Vanquished Creatures
  A wight (D:2)
  A gnoll (D:1)
  A worm (D:2)
  2 leopard geckos (D:1)
  3 giant cockroaches (D:1)
  2 goblins
  2 hobgoblins (D:1)
  5 jackals (D:1)
  2 quokkas (D:2)
  6 bats
  4 frilled lizards
  A kobold (D:2)
  5 rats (D:1)
35 creatures vanquished.

Vanquished Creatures (collateral kills)
  An ooze (D:1)
  A bat (D:1)
2 creatures vanquished.

Grand Total: 37 creatures vanquished

Notes
Turn   | Place    | Note
-------+----------+-------------------------------------------
     0 | D:1      | kae the Draconian Transmuter began the quest for the Orb.
     0 | D:1      | Reached XP level 1. HP: 16/16 MP: 3/3
    82 | D:1      | Reached XP level 2. HP: 11/23 MP: 3/5
   481 | D:1      | Learned a level 2 spell: Sticks to Snakes
   598 | D:1      | Reached XP level 3. HP: 10/28 MP: 2/6
  1451 | D:1      | Learned a level 3 spell: Spider Form
  1728 | D:2      | Found a sparkling altar of Nemelex Xobeh.
  1854 | D:2      | Reached skill level 4 in Unarmed Combat
  1854 | D:2      | Reached XP level 4. HP: 30/35 MP: 4/8
  1921 | D:1      | Slain by a wight

Levels and vault maps discovered:
D:1:      lightli_arrival_noodles, layout_basic
D:2:      layout_loops_corners, first_ration, nemelex_diamond_rough_becter

Skill      XL: |  1  2  3 |
---------------+----------+-----
Unarmed Combat | 4 |  4.3
Fighting       | |  1.1
Dodging        | |  1.7
Spellcasting   | |  2.7
Transmutations | |  2.8

Action                   |  1- 3 |  4- 6 || total
-------------------------+-------+-------++-------
Melee: Unarmed           |   141 |    14 ||   155
       Tailslap          |    10 |     1 ||    11
       Kick              |     9 |       ||     9
       Headbutt          |     2 |       ||     2
 Cast: Beastly Appendage |    18 |     1 ||    19
       Sticks to Snakes  |     2 |       ||     2
       Spider Form       |     1 |     1 ||     2
  Use: Scroll            |     8 |       ||     8
  Eat: Chunk             |     2 |       ||     2
       Ration            |       |     1 ||     1
Armor: Skin              |    70 |     1 ||    71
Dodge: Dodged            |   147 |     7 ||   154

Table legend:
 A = Non-vault XP
 B = Vault XP
 C = Vault XP percentage of total XP
 D = Non-vault monster count
 E = Vault monster count
 F = Vault count percentage of total count
                 A         B        C        D         E       F
            +---------+---------+-------+---------+---------+-------
      Total |     140 |       0 |   0.0 |      37 |       0 |   0.0
            +---------+---------+-------+---------+---------+-------
        D:1 |      62 |       0 |   0.0 |      28 |       0 |   0.0
        D:2 |      78 |       0 |   0.0 |       9 |       0 |   0.0
            +---------+---------+-------+---------+---------+-------
